Map: Prion Terraces

Players

EJK - Winner!

  • Race: Terran Terran
  • League: Master

Adonis

  • Race: Protoss Protoss
  • League: Master

VOD

Have the link to the VOD?

Description

Time

  • Played on: Jan. 23, 2016, 10:21 p.m.
  • Length: 21:32
Show
View Real Time Build Order
Export as new Build Order

EJK Terran - Winner!

Build Orders: Cyclone Opening 

Get SALT Encoding   

  12  0:01  SCV  
  13  0:13  SCV  
  14  0:17  Supply Depot  
  14  0:25  SCV  
  15  0:33  Refinery  
  15  0:39  SCV  
  16  0:45  Barracks  
  16  0:51  SCV  
  17  1:03  SCV  
  18  1:15  SCV  
  19  1:32  Orbital Command, Marine  
  20  1:35  Factory  
  20  1:56  Command Center  
  20  2:02  Supply Depot  
  20  2:06  SCV  
  21  2:10  Marine  
  22  2:18  SCV  
  22  2:19  Factory Tech Lab  
  23  2:27  Refinery  
  23  2:28  Marine  
  24  2:30  SCV  
  25  2:43  SCV, Cyclone  
  29  2:45  Supply Depot  
  29  2:47  Marine  
  30  2:55  SCV  
  31  3:07  SCV, Marine  
  31  3:10  Orbital Command  
  33  3:17  Cyclone  
  33  3:19  SCV  
  37  3:24  Marine  
  38  3:37  SCV x2  
  40  3:42  Command Center  
  40  3:49  SCV x2  
  40  3:51  Hellion  
  44  4:01  SCV x2, Starport  
  46  4:09  Supply Depot  
  46  4:12  Siege Tank  
  46  4:13  SCV x2  
  51  4:20  Factory  
  51  4:25  SCV x2  
  51  4:28  Refinery  
  53  4:31  Refinery  
  53  4:35  Barracks Reactor  
  53  4:38  SCV x2  
  55  4:45  Supply Depot  
  55  4:50  SCV x2  
  55  4:51  Medivac  
  59  4:56  Orbital Command  
  59  4:57  Engineering Bay  
  59  5:02  SCV x2  
  59  5:05  Siege Tank  
  64  5:09  Bunker  
  64  5:14  SCV x2, Supply Depot  
  64  5:16  Factory Tech Lab  
  64  5:17  Marine x2  
  68  5:25  SCV, Medivac  
  68  5:26  SCV x2  
  73  5:30  Bunker  
  73  5:34  Marine x2  
  75  5:37  SCV  
  75  5:38  SCV, Siege Tank  
  80  5:43  Supply Depot  
  80  5:51  SCV x2, Orbital Command, Liberator  
  80  5:52  Siege Tank  
  85  5:59  Bunker  
  85  6:01  Missile Turret  
  85  6:06  Missile Turret  
  85  6:09  SCV  
  87  6:12  Siege Tank  
  90  6:21  Command Center  
  90  6:23  SCV x3  
  90  6:24  Supply Depot  
  93  6:30  Armory  
  93  6:37  SCV x2  
  93  6:38  SCV  
  96  6:44  Refinery x2  
  96  6:48  Starport  
  96  6:54  Sensor Tower  
  96  7:00  Missile Turret  
  96  7:05  Siege Tank x2  
  96  7:07  SCV x3  
  105  7:09  Liberator, Starport Reactor  
  102  7:18  Terran Ship Weapons Level 1  
  102  7:21  Supply Depot  
  102  7:22  Supply Depot x2  
  102  7:24  SCV x3  
  102  7:29  Supply Depot  
  108  7:31  Liberator x3  
  108  7:39  SCV x3, Missile Turret  
  111  7:47  Refinery x2  
  111  7:51  Hellion x2, Missile Turret  
  124  7:52  Command Center, Barracks Tech Lab  
  124  7:53  Supply Depot  
  124  8:00  Ghost Academy, Liberator  
  124  8:13  Planetary Fortress  
  124  8:18  Liberator x2  
  127  8:25  Liberator  
  127  8:27  Supply Depot  
  127  8:31  Ghost  
  135  8:45  Command Center  
  135  8:46  Command Center  
  138  8:54  Supply Depot  
  134  9:05  Liberator x2  
  134  9:07  Siege Tank x2  
  134  9:08  Liberator  
  140  9:20  Terran Ship Weapons Level 2  
  144  9:24  Armory  
  147  9:39  Hellion x2  
  151  9:48  Command Center, Sensor Tower  
  151  9:49  Missile Turret  
  151  9:50  Refinery, Missile Turret  
  151  9:51  Refinery, Missile Turret  
  151  9:54  Liberator x2  
  151  9:56  Starport  
  151  9:58  Starport  
  150  10:00  Fusion Core  
  150  10:04  Planetary Fortress  
  150  10:12  Orbital Command  
  150  10:13  Orbital Command  
  150  10:14  Terran Vehicle And Ship Armor Level 1  
  156  10:24  Ghost  
  156  10:27  Liberator x2  
  158  10:33  Sensor Tower  
  158  10:37  Liberator x2  
  158  10:38  Starport Tech Lab  
  158  10:45  Starport Tech Lab  
  164  10:55  Hellion  
  164  10:56  Hellion  
  174  11:07  Missile Turret  
  174  11:08  Missile Turret  
  174  11:09  Cloaking Field, Missile Turret  
  174  11:10  Hyperflight Rotors  
  174  11:11  Banshee x2, Behemoth Reactor  
  175  11:35  Viking x2  
  175  11:37  Viking x2  
  175  11:38  SCV x3  
  175  11:39  SCV x2  
  187  11:49  Terran Ship Weapons Level 3  
  187  11:54  Viking x2  
  190  12:00  Siege Tank x2  
  193  12:03  Missile Turret  
  193  12:05  Viking x2  
  193  12:15  Command Center  
  193  12:21  Terran Vehicle And Ship Armor Level 2  
  193  12:23  Banshee  
  193  12:24  Banshee  
  193  12:37  Orbital Command  
  193  12:43  Starport  
  189  12:44  Starport  
  174  13:17  Banshee  
  174  13:18  Banshee  
  174  13:19  Starport Tech Lab  
  180  13:20  Starport Tech Lab  
  180  13:24  Weapon Refit  
  180  13:25  Command Center, Ghost  
  182  13:28  Missile Turret  
  182  13:30  Missile Turret  
  182  14:02  Battlecruiser  
  188  14:03  Refinery  
  188  14:12  Battlecruiser  
  194  14:22  Planetary Fortress  
  194  14:23  Sensor Tower  
  194  14:25  Refinery, Missile Turret  
  188  14:46  Battlecruiser x2  
  188  14:47  Terran Vehicle And Ship Armor Level 3  
  188  14:48  Terran Vehicle Weapons Level 1  
  200  14:57  Missile Turret  
  200  14:58  Missile Turret  
  200  15:03  Building Armor  
  200  15:04  Orbital Command  
  200  15:08  Command Center  
  200  15:39  Starport x2, Missile Turret x2  
  200  15:40  Missile Turret  
  200  16:28  Command Center  
  200  16:29  Missile Turret  
  200  16:31  Missile Turret x2  
  197  16:33  Missile Turret  
  197  16:43  Hi-Sec Auto Tracking  
  188  16:48  Battlecruiser x2  
  188  16:53  Viking x3  
  188  16:54  Viking x2  
  196  16:58  Viking  
  158  17:23  Viking x3  
  158  17:24  Viking  
  158  17:27  Refinery  
  158  17:29  Refinery, Missile Turret  
  163  17:37  Starport Tech Lab x2  
  163  17:41  Planetary Fortress  
  160  17:45  Liberator x2  
  160  17:58  Terran Vehicle Weapons Level 2  
  160  18:03  Viking  
  179  18:15  Liberator x2  
  179  18:22  Battlecruiser x3  
  179  18:24  Viking x2  
  196  18:42  Advanced Ballistics  
  196  18:43  Orbital Command  
  196  18:49  Command Center  
  196  18:53  Banshee  
  193  19:23  Banshee x2  
  195  19:26  Banshee x2  
  187  19:35  Banshee  
  171  19:40  Viking  
  167  19:45  Viking x2  
  161  19:46  Viking  
  156  19:59  Viking  
  155  20:06  Banshee x2  
  155  20:08  Banshee  
  155  20:09  Viking  
  155  20:10  Viking  
  155  20:13  Siege Tank x2  
  165  20:15  Viking x2  
  165  20:16  Viking  
  171  20:25  Viking  
  173  20:29  Viking  
  172  20:37  Refinery  
  168  20:49  Viking x2  
  171  20:51  Viking  
Show
View Real Time Build Order
Export as new Build Order

Adonis Protoss 

Build Orders: 1 Gate Expand 

Get SALT Encoding   

  12  0:01  Probe (Chrono Boost)  
  13  0:11  Probe (Chrono Boost)  
  14  0:19  Pylon  
  14  0:22  Probe (Chrono Boost)  
  15  0:37  Probe (Chrono Boost)  
  15  0:40  Gateway  
  16  0:48  Probe (Chrono Boost)  
  17  0:58  Probe (Chrono Boost)  
  17  1:02  Assimilator  
  18  1:09  Probe (Chrono Boost)  
  19  1:21  Nexus  
  19  1:29  Cybernetics Core  
  19  1:31  Probe (Chrono Boost)  
  20  1:38  Assimilator  
  20  1:42  Probe (Chrono Boost)  
  21  1:49  Pylon  
  21  1:53  Probe (Chrono Boost)  
  22  2:04  Probe (Chrono Boost)  
  22  2:08  Adept (Chrono Boost)  
  25  2:09  Warp Gate  
  25  2:17  Probe (Chrono Boost)  
  25  2:22  Robotics Facility  
  26  2:29  Probe (Chrono Boost)  
  27  2:33  Probe (Chrono Boost)  
  28  2:40  Probe (Chrono Boost)  
  28  2:44  Probe (Chrono Boost), Adept  
  32  2:50  Probe (Chrono Boost)  
  33  2:55  Probe (Chrono Boost)  
  34  3:01  Probe (Chrono Boost)  
  34  3:05  Probe (Chrono Boost)  
  36  3:11  Probe (Chrono Boost)  
  36  3:12  Warp Prism (Chrono Boost)  
  37  3:14  Probe  
  40  3:21  Robotics Bay  
  40  3:23  Probe  
  40  3:24  Probe  
  42  3:35  Probe x2  
  44  3:45  Mothership Core  
  46  3:48  Pylon  
  46  3:50  Pylon  
  46  4:00  Gateway x2  
  46  4:05  Pylon  
  46  4:06  Probe  
  46  4:07  Observer (Chrono Boost)  
  48  4:11  Probe  
  48  4:15  Assimilator x2  
  49  4:18  Probe  
  49  4:23  Probe, Gravitic Drive  
  50  4:25  Disruptor (Chrono Boost)  
  54  4:31  Probe  
  54  4:33  Probe  
  56  4:43  Probe, Nexus  
  56  4:44  Probe  
  57  4:52  Forge  
  58  4:53  Twilight Council  
  58  4:55  Probe x2  
  58  4:58  Pylon  
  60  5:04  Pylon  
  60  5:05  Probe  
  61  5:08  Pylon  
  61  5:09  Assimilator  
  61  5:11  Sentry  
  61  5:13  Assimilator  
  63  5:18  Blink  
  63  5:20  Adept  
  65  5:22  Stalker  
  65  5:26  Protoss Ground Armor Level 1 (Chrono Boost)  
  65  5:27  Probe x2  
  69  5:35  Disruptor  
  72  5:39  Probe x2  
  74  5:45  Robotics Facility  
  74  5:50  Pylon  
  74  5:51  Probe x2  
  74  5:53  Pylon  
  76  6:00  Probe  
  76  6:03  Probe  
  76  6:04  Probe  
  79  6:10  Probe  
  79  6:15  Probe, Observer  
  79  6:16  Probe  
  83  6:21  Probe  
  84  6:27  Gateway  
  84  6:28  Gateway  
  84  6:31  Gateway  
  84  6:33  Gateway  
  84  6:36  Gateway, Disruptor (Chrono Boost)  
  84  6:39  Pylon  
  87  6:41  Disruptor (Chrono Boost)  
  90  6:55  Stalker x3  
  95  7:09  Disruptor (Chrono Boost)  
  95  7:11  Protoss Ground Armor Level 2 (Chrono Boost)  
  95  7:15  Probe x3  
  100  7:17  Disruptor (Chrono Boost)  
  100  7:19  Resonating Glaives  
  100  7:21  Forge  
  104  7:27  Stargate  
  104  7:31  Pylon  
  104  7:34  Pylon  
  104  7:36  Pylon  
  104  7:38  Disruptor (Chrono Boost)  
  104  7:39  Pylon  
  104  7:41  Stalker x6, Pylon  
  119  7:45  Stalker  
  119  7:46  Stalker, Pylon  
  119  7:48  Pylon  
  119  7:49  Disruptor (Chrono Boost)  
  126  7:58  Protoss Ground Weapons Level 1 (Chrono Boost)  
  126  8:15  Stalker x5  
  126  8:19  Stalker  
  138  8:20  Stalker  
  138  8:21  Stalker  
  142  8:27  Nexus  
  142  8:29  Probe x2  
  142  8:30  Probe, Pylon  
  142  8:33  Assimilator  
  145  8:38  Assimilator  
  145  9:08  Fleet Beacon  
  145  9:10  Stargate  
  145  9:13  Stargate  
  145  9:18  Protoss Ground Armor Level 3 (Chrono Boost)  
  145  9:26  Dark Shrine  
  145  9:29  Templar Archives  
  145  9:37  Photon Cannon  
  145  9:38  Photon Cannon  
  145  9:41  Oracle (Chrono Boost), Photon Cannon  
  145  9:42  Probe, Protoss Air Weapons Level 1  
  145  9:43  Probe x3, Pylon  
  145  9:44  Protoss Ground Weapons Level 2 (Chrono Boost)  
  145  9:45  Photon Cannon  
  152  10:02  Tempest (Chrono Boost)  
  160  10:07  Nexus, Tempest (Chrono Boost)  
  160  10:10  Pylon  
  160  10:13  Assimilator  
  160  10:15  Assimilator  
  160  10:19  Pylon  
  160  10:20  Probe  
  165  10:21  Probe x3  
  165  10:22  Photon Cannon  
  165  10:23  Tempest (Chrono Boost)  
  165  10:26  Photon Cannon  
  168  10:30  Photon Cannon  
  168  10:31  Photon Cannon  
  168  10:33  Probe, Photon Cannon  
  168  10:35  Photon Cannon  
  169  10:38  Probe  
  169  10:39  Probe x2  
  172  10:44  Pylon  
  172  10:45  Probe  
  173  10:51  Probe, Tempest (Chrono Boost)  
  182  10:58  Tempest (Chrono Boost)  
  182  10:59  Dark Templar x2  
  186  11:06  Pylon  
  174  11:28  Tempest (Chrono Boost)  
  182  11:34  Tempest (Chrono Boost)  
  182  11:37  Protoss Shields Level 1  
  186  11:41  Tempest (Chrono Boost)  
  186  11:50  Protoss Air Weapons Level 2 (Chrono Boost)  
  182  12:06  Tempest (Chrono Boost)  
  190  12:17  Tempest (Chrono Boost)  
  194  12:24  Tempest (Chrono Boost)  
  194  12:43  Tempest (Chrono Boost)  
  186  13:00  Tempest (Chrono Boost)  
  186  13:01  Observer x2  
  185  13:06  Tempest (Chrono Boost)  
  181  13:16  Stalker x3  
  181  13:18  Tempest (Chrono Boost)  
  187  13:22  Disruptor  
  194  13:37  Tempest (Chrono Boost)  
  198  13:51  Tempest  
  184  14:35  Protoss Ground Weapons Level 3  
  184  14:36  Protoss Shields Level 2  
  159  14:45  Stalker x2  
  159  14:46  Stalker x5  
  159  14:47  Stalker  
  175  14:57  Protoss Air Weapons Level 3 (Chrono Boost)  
  175  15:00  Nexus  
  175  15:03  Pylon  
  175  15:05  Assimilator  
  175  15:07  Assimilator  
  175  15:11  Photon Cannon x3  
  175  15:12  Photon Cannon x2  
  175  15:13  Photon Cannon  
  175  15:14  Pylon  
  175  15:15  Photon Cannon  
  173  15:28  Tempest, Photon Cannon  
  173  15:31  Photon Cannon  
  173  15:33  Tempest  
  173  15:34  Tempest  
  173  15:35  Photon Cannon  
  185  15:38  Photon Cannon  
  182  15:47  Stalker  
  182  15:48  Stalker x5  
  182  15:49  Stalker x2  
  192  16:00  Pylon  
  192  16:16  Tempest  
  196  16:26  Photon Cannon, Assimilator  
  196  16:31  Stalker x2  
  185  16:51  Stalker x5  
  185  16:52  Stalker  
  171  16:54  Stalker  
  171  16:55  Stalker  
  143  17:04  Tempest  
  105  17:09  Tempest  
  107  17:17  Stalker x7  
  107  17:22  Stalker  
  110  17:41  Tempest  
  110  17:43  Tempest  
  114  17:44  Pylon  
  114  17:46  Nexus  
  114  17:47  Stargate  
  114  17:48  Stargate  
  114  17:50  Stargate  
  118  17:53  Stargate  
  118  17:58  Tempest  
  118  18:02  Dark Templar x2  
  126  18:08  Dark Templar  
  126  18:09  Dark Templar, Archon  
  126  18:11  Sentry  
  132  18:13  Archon  
  132  18:23  Tempest (Chrono Boost)  
  132  18:24  Tempest (Chrono Boost)  
  140  18:30  Tempest x2 (Chrono Boost)  
  148  18:37  Tempest (Chrono Boost)  
  148  18:44  Protoss Air Armor Level 1 (Chrono Boost)  
  152  18:57  Observer, Assimilator x2  
  152  18:59  Tempest  
  153  19:04  Tempest  
  152  19:21  Stalker x3  
  152  19:22  Stalker  
  134  19:27  Stalker  
  122  19:32  Stalker  
  105  19:39  Stalker  
  99  19:48  Stalker  
  89  20:13  Nexus  
  89  20:16  Pylon  
  88  20:22  Stalker x4  
  88  20:23  Stalker  
  93  20:50  Probe x4  
  93  20:51  Probe, Nexus  
  93  20:53  Pylon  
  93  20:55  Pylon  
  93  21:09  Stalker x3  
  93  21:11  Stalker  
  93  21:17  Stalker  
  48  21:27  Stalker  
Tags
 
Add a new tag
Caveats
  • Supply blocks, unpowered buildings, or Contaminate may cause inaccurate times.
  • Supply counts are checked every 10 seconds.